 Dungeon Crawl Stone Soup version 0.31.0-32-g396128a36d (webtiles) character file.

Game seed: 11469583835917026553

35 Egg the Digger (level 3, -1/21 HPs)
             Began as an Octopode Earth Elementalist on Mar 19, 2024.
             Frozen to death by an endoplasm (5 damage)
             ... on level 2 of the Dungeon.
             The game lasted 00:04:19 (938 turns).

Egg the Digger (Octopode Earth Elementalist)         Turns: 938, Time: 00:04:20

Health: -1/21      AC:  5    Str:  7    XL:     3   Next: 35%
Magic:  6/6        EV: 10    Int: 19    God:
Gold:   51         SH:  0    Dex: 12    Spells: 5/6 levels left

rFire   . . .        c - +0 mace
rCold   . . .        (no shield)
rNeg    . . .        (helmet restricted)
rPois   .            (no amulet)
rElec   .            g - +4 ring of protection
rCorr   .            (no ring)
SInv    .            (no ring)
Will    .....        (no ring)
Stlth   +++          (no ring)
HPRegen 0.23/turn    (no ring)
MPRegen 0.10/turn    (no ring)
                     (no ring)

%: no passive effects
@: constricted
A: almost no armour, amphibious, 8 rings, camouflage 1, gelatinous body 1,
(nimble swimmer 1), tentacles
a: no special abilities


You were on level 2 of the Dungeon.
You visited 1 branch of the dungeon, and saw 2 of its levels.

You collected 51 gold pieces.

Inventory:

Hand Weapons
 c - a +0 mace (weapon)
Jewellery
 g - a +4 ring of protection (left tentacle)
Scrolls
 b - a scroll of vulnerability {unknown}
 d - a scroll of blinking {unknown}
 e - a scroll of amnesia {unknown}
 f - a scroll of enchant weapon {unknown}
Potions
 a - a potion of magic
 h - a potion of brilliance {unknown}


   Skills:
 + Level 0.1 Fighting
 + Level 0.2 Maces & Flails
 - Level 2.0 Dodging
 - Level 2.6 Stealth
 - Level 2.0 Spellcasting
 - Level 1.0 Conjurations
 * Level 4.2 Earth Magic


You had 5 spell levels left.
You knew the following spells:

 Your Spells              Type           Power      Damage    Failure   Level
a - Sandblast             Erth           36%        2d10      3%          1

Your spell library contained the following spells:

 Spells                   Type           Power      Damage    Failure   Level
 Passwall                 Erth           18%        N/A       9%          3
 Stone Arrow              Conj/Erth      22%        3d8       17%         3
 Brom's Barrelling Bould  Conj/Erth      11%        2d3       50%         4
 Petrify                  Alch/Erth      10%        N/A       56%         4


Dungeon Overview and Level Annotations

Branches:
Dungeon (2/15)

Altars:

Shops:
D:1 *


Innate Abilities, Weirdness & Mutations

You cannot wear most types of armour.
You are amphibious.
You can wear up to eight rings at the same time.
Your skin changes colour to match your surroundings (Stealth+).
Your rubbery body absorbs attacks. (AC +1, EV +1)
((You are camouflaged when in or above water. (Stealth+)))
You have tentacles for arms and can constrict up to eight enemies at once.


Message History

The ball python completely misses you.
A bat comes into view.
The endoplasm freezes you.
You are frozen.
The ball python misses you. The ball python closely misses you.
The bat moves out of view.
The ball python hisses angrily.
You hit the ball python. You grab the ball python.
The ball python is severely wounded.
You constrict the ball python.
You kill the ball python!
The endoplasm freezes you.
You are frozen.
The endoplasm freezes you.
You are frozen.
You hit the endoplasm.
The endoplasm is moderately wounded.
The kobold hits you but does no damage.
The endoplasm hits you but does no damage.
The kobold hits you but does no damage.
Unknown command.
You completely miss the endoplasm.
The endoplasm is moderately wounded.
The endoplasm freezes you.
You are frozen.
The kobold hits you with a +0 dagger.
* * * LOW HITPOINT WARNING * * *
You barely miss the kobold. Your grab misses the kobold.
The ball python misses you. The ball python barely misses you.
The endoplasm freezes you.
You are frozen.
* * * LOW HITPOINT WARNING * * *
The kobold splashes around in the water.
The ball python completely misses you. The ball python grabs you.
The ball python constricts you. The endoplasm closely misses you.
Okay, then.
The ball python's grasp on you weakens, but your attempt to escape fails.
The ball python barely misses you. The ball python constricts you.
The kobold hits you but does no damage. The endoplasm freezes you.
You are frozen.
You die...

.##....#
#.###.....#
.###...####
#.........#
..........#
##.....##.#
.########.#
#.....##.#
## #
#.....+...
#.)...#####
+..........
#...S#####
#..@#.....#
##J#K.....~
######.
#.#.~~...~.
....... ..#
.~.~~~.~
######. ...
~~~≈≈.~.
....
..≈_.≈..
....
~~≈≈.~. ...
~.~~~.~


You could see an endoplasm, a ball python and a kobold.

Vanquished Creatures
  An adder (D:2)
  A ribbon worm (D:2)
  4 ball pythons
  4 endoplasms (D:1)
  A giant cockroach (D:1)
  4 hobgoblins (D:1)
  2 kobolds
  A quokka (D:1)
  A goblin (D:2)
  2 rats
21 creatures vanquished.

Notes
Turn   | Place    | Note
-------+----------+-------------------------------------------
     0 | D:1      | Egg the Octopode Earth Elementalist began the quest for the
                  | Orb.
     0 | D:1      | Reached XP level 1. HP: 11/11 MP: 3/3
    97 | D:1      | Reached XP level 2. HP: 17/17 MP: 3/5
   233 | D:1      | Found Ushraphyl's General Store.
   846 | D:2      | Reached skill level 4 in Earth Magic
   899 | D:2      | Reached XP level 3. HP: 21/21 MP: 6/6
   929 | D:2      | Found a faded altar of an unknown god.
   938 | D:2      | Frozen to death by an endoplasm

Illustrated notes

Levels and vault maps discovered:
D:1:      scummos_arrival_simple_fountains, layout_basic, serial_shops,
          nicolae_shop_gibbet_a_chance
D:2:      layout_basic, shapermc_ecumenical_altar_starsandcircs

Skill      XL: |  1  2 |
---------------+-------+-----
Earth Magic    | 4 |  4.2
Fighting       | |  0.1
Maces & Flails | |  0.2
Dodging        | |  2.0
Stealth        | |  2.6
Spellcasting   | |  2.0
Conjurations   | |  1.0

Action                     || total
---------------------------++-------
  Melee: Hand axe          ||     6
         Constrict         ||    13
         Mace              ||    33
         Tentacles         ||     8
   Cast: Sandblast         ||     7
   Stab: Sleeping          ||     6
 Armour: Skin              ||    21
  Dodge: Dodged            ||    31
